 Dungeon Crawl Stone Soup version 0.20-a0-507-gc86f373 (webtiles) character file.

287 mopl the Slasher (level 6, -14/44 HPs)
             Began as a Barachian Skald on Jan 21, 2017.
             Demolished by an ogre
             ... wielding a +0 giant club
              (27 damage)
             ... on level 4 of the Dungeon.
             The game lasted 00:07:58 (4373 turns).

mopl the Slasher (Barachian Skald)                  Turns: 4373, Time: 00:07:59

Health: -14/44     AC:  4    Str: 14    XL:     6   Next: 30%
Magic:  0/9        EV: 12    Int: 13    God:
Gold:   124        SH:  0    Dex: 11    Spells: 1/9 levels left

rFire    + . .     SeeInvis .   a - +0 falchion
rCold    . . .     Gourm    .   b - +0 leather armour
rNeg     . . .     Faith    .   (no shield)
rPois    .         Spirit   .   i - +0 helmet
rElec    .         Reflect  .   (no cloak)
rCorr    .         Harm     .   (no gloves)
MR       .....                  (no boots)
Stlth    +.........             (no amulet)
Regen    0.2/turn               h - ring of protection from fire
                                v - +5 ring of strength

@: infused (expiring), very slightly contaminated, slow
A: swims, slowness 1, strong legs 1
a: Hop


You were on level 4 of the Dungeon.
You were hungry.

You visited 1 branch of the dungeon, and saw 4 of its levels.

You collected 124 gold pieces.

Inventory:

Hand Weapons
 a - a +0 falchion (weapon)
 p - a +1 dagger of draining
Missiles
 s - 23 poisoned needles
 z - 4 javelins of returning (quivered)
Armour
 b - a +0 leather armour (worn)
 i - a +0 helmet (worn)
 r - a +0 ring mail
 w - a +3 chain mail of positive energy
 A - a +0 large shield
Jewellery
 h - a ring of protection from fire (right hand)
 v - a +5 ring of strength (left hand)
Scrolls
 j - a scroll of enchant armour {unknown}
 o - a scroll of teleportation {unknown}
 t - a scroll of remove curse
 y - a scroll of enchant weapon {unknown}
Potions
 e - 2 potions of berserk rage {unknown}
 f - 2 potions of flight {unknown}
 g - 2 potions of agility {unknown}
 k - 2 potions of beneficial mutation {unknown}
 m - a potion of curing {unknown}
 n - a potion of cure mutation {unknown}
 q - a potion of degeneration {unknown}
 x - a potion of mutation {unknown}
Books
 c - a book of Battle

   Spells                             Type                      Level
   a - Infusion                       Charms                       1
   b - Shroud of Golubria             Charms/Translocation         2
   c - Song of Slaying                Charms                       2
   d - Spectral Weapon                Hexes/Charms                 3
   e - Regeneration                   Charms/Necromancy            3
 u - a book of Cantrips

   Spells                             Type                      Level
   a - Confusing Touch                Hexes                        1
   b - Animate Skeleton               Necromancy                   1
   c - Summon Small Mammal            Summoning                    1
   d - Apportation                    Translocation                1
Comestibles
 d - a bread ration
 l - 2 royal jellies


   Skills:
 - Level 2.1 Fighting
 + Level 7.1 Long Blades
 - Level 1.1 Armour
 - Level 2.0 Dodging
 - Level 2.0 Spellcasting
 - Level 3.0 Charms


You had one spell level left.
You knew the following spells:

 Your Spells              Type           Power        Failure   Level  Hunger
a - Infusion              Chrm           #...         10%         1    ##.....
b - Song of Slaying       Chrm           #.......     14%         2    ###....
c - Spectral Weapon       Hex/Chrm       #.......     52%         3    ####...
f - Shroud of Golubria    Chrm/Tloc      #.........   24%         2    ###....


Dungeon Overview and Level Annotations

Branches:
Dungeon (4/15)
 Temple: D:4-7

Altars:
Nemelex Xobeh

Annotations:
D:3 hairmachine's ghost, amateur OgSu
D:4 Robin


Innate Abilities, Weirdness & Mutations

You can swim through water.
You cover ground slowly.
You can hop short distances.


Message History

The ogre is lightly wounded.
You hit the ogre.
The ogre is moderately wounded.
The ogre barely misses you.
You hit the ogre.
The ogre is moderately wounded.
The ogre hits you with a giant club.
* * * LOW HITPOINT WARNING * * *
You hit the ogre.
The ogre is heavily wounded.
You hit the ogre but do no damage.
The ogre is heavily wounded.
Your magical infusion is running out.
The ogre completely misses you.
You riposte.
You slash the ogre!
The ogre is severely wounded.
You barely miss the ogre.
The ogre is severely wounded.
The ogre hits you with a giant club!!
Ouch! That really hurt!
You die...

# #.# ##...## ##. #
#.# ##'## #. # #.#
#(# ## # #.# #####.##
# #.# #......# # #.##
#.##...## # #.#.##
#.#.....#
#.###.###.##...###
#.#
##..@O.......########
##
#.###................
#.# #####....########
#.# #.#### ## #.# #.#
..? .#.## #.#.#


You could see an ogre.

Vanquished Creatures
  A slave (D:4)
  Terence (D:3)
  Jessica (D:3)
  Ijyb (D:2)
  6 gnolls
  4 adders
  3 oozes
  3 dart slugs
  A leopard gecko (D:1)
  5 orcs
  8 bats
  A giant cockroach (D:1)
  14 goblins
  16 hobgoblins
  4 jackals (D:1)
  4 frilled lizards
  11 kobolds
  8 rats
92 creatures vanquished.

Notes
Turn   | Place    | Note
-------+----------+-------------------------------------------
     0 | D:1      | mopl the Barachian Skald began the quest for the Orb.
     0 | D:1      | Reached XP level 1. HP: 16/16 MP: 3/3
   143 | D:1      | Reached skill level 3 in Long Blades
   143 | D:1      | Reached XP level 2. HP: 20/22 MP: 0/5
   302 | D:1      | Learned a level 2 spell: Song of Slaying
   305 | D:1      | Learned a level 2 spell: Shroud of Golubria
   698 | D:1      | Reached XP level 3. HP: 24/27 MP: 0/6
   856 | D:1      | Reached skill level 4 in Long Blades
  1033 | D:2      | Noticed Ijyb
  1048 | D:2      | Killed Ijyb
  1048 | D:2      | Reached XP level 4. HP: 25/33 MP: 0/7
  1229 | D:2      | Reached skill level 5 in Long Blades
  1828 | D:3      | Reached XP level 5. HP: 21/38 MP: 4/8
  2055 | D:3      | Noticed Jessica
  2067 | D:3      | Killed Jessica
  2319 | D:3      | Learned a level 3 spell: Spectral Weapon
  2519 | D:3      | Reached skill level 6 in Long Blades
  2556 | D:3      | Found a faded altar of an unknown god.
  3061 | D:3      | Noticed Terence
  3079 | D:3      | Noticed hairmachine's ghost (amateur OgSu)
  3080 | D:3      | Killed Terence
  3080 | D:3      | Reached XP level 6. HP: 19/44 MP: 3/9
  3794 | D:4      | Reached skill level 7 in Long Blades
  3987 | D:4      | Noticed a slave
  3988 | D:4      | Noticed a slave
  4012 | D:4      | Killed a slave
  4117 | D:4      | Found a sparkling altar of Nemelex Xobeh.
  4127 | D:4      | Noticed Robin
  4373 | D:4      | Demolished by an ogre

Vault maps used:
D:1:      lightli_iron_boxes, minmay_strange_pillars, minmay_misc_feat_iff
D:2:      guppyfry_early_orc_mine, uniq_iyjb
D:3:      chequers_ecumenical_altar_simple, uniq_terence, uniq_jessica
D:4:      cheibrodos_thug_alley, nemelex_xobeh_ov_fountains_minmay, first_bread,
          uniq_pikel, uniq_eustachio, uniq_robin

Skill      XL: |  1  2  3  4  5  6 |
---------------+-------------------+-----
Long Blades    | 3 4 5 6 7 |  7.1
Fighting       | |  2.1
Armour         | |  1.1
Dodging        | |  2.0
Spellcasting   | |  2.0
Charms         | |  3.0

Action                   |  1- 3 |  4- 6 || total
-------------------------+-------+-------++-------
Melee: Falchion          |    94 |   233 ||   327
Throw: Throwing net      |       |     1 ||     1
 Cast: Infusion          |     9 |    23 ||    32
       Shroud of Golubri |     1 |     2 ||     3
  Use: Scroll            |       |     1 ||     1
       Potion            |       |     1 ||     1
 Stab: Held in net/web   |       |     2 ||     2
  Eat: Chunk             |     1 |    12 ||    13
Armor: Leather armour    |    32 |    57 ||    89
Dodge: Dodged            |    74 |   197 ||   271
       Rpst.: Falchion   |    19 |    61 ||    80
